[Event "Vener-dì-Lampo"]
[Site "Chess.com"]
[Date "2020.05.08"]
[Round "1"]
[White "pedrak"]
[Black "fisherpez"]
[Result "1-0"]
[WhiteElo "2021"]
[BlackElo "1649"]
[TimeControl "300+2"]
[EndTime "12:04:28 PDT"]
[Termination "pedrak ha vinto per scaccomatto"]

1. d4 e6 2. Nf3 b6 3. Bf4 Bb7 4. e3 Nf6 5. Nbd2 Nd5 6. Bg3 Nf6 7. h3 d6 8. c3 Ne4 9. Bd3 Nxg3 10. fxg3 Be7 11.
O-O Bg5 12. Qe2 Bf6 13. e4 O-O 14. Rae1 g6 15. g4 Nd7 16. e5 Bg7 17. Qe3 d5 18.
g5 c5 19. Nh2 cxd4 20. cxd4 Rc8 21. Ng4 Rc7 22. Nf6+ Nxf6 23. gxf6 Bh8 24. Qh6 Re8 25. Rf4 Ree7 26. Rh4 Bg7 27. Qxg7# 1-0

[Event "Vener-dì-Lampo"]
[Site "Chess.com"]
[Date "2020.05.08"]
[Round "1"]
[White "GB86_CHESS"]
[Black "sirmale49"]
[Result "1-0"]
[WhiteElo "1692"]
[BlackElo "1388"]
[TimeControl "300+2"]
[EndTime "12:09:24 PDT"]
[Termination "GB86_CHESS ha vinto per tempo"]

1. e4 d5 2. exd5 Qxd5 3. Nc3 Qd6 4. Bc4 c6 5. d4 Nf6 6. Nge2 Bf5 7. Bf4 Qb4 8. Bb3 Nbd7 9. O-O e6 10. a3 Qa5 11.
Ng3 Bg6 12. Qe2 Nd5 13. Nxd5 cxd5 14. c4 Nb6 15. c5 Nd7 16. Bxd5 Qa6 17. Qxa6 bxa6 18.
Bxa8 Be7 19. Bc6 Bd3 20. Rfd1 Bc4 21. Rac1 Bb5 22. Bxd7+ Bxd7 23. c6 Bc8 24. Ne4 1-0

[Event "Vener-dì-Lampo"]
[Site "Chess.com"]
[Date "2020.05.08"]
[Round "1"]
[White "BAKR1980"]
[Black "mr6701"]
[Result "0-1"]
[WhiteElo "1589"]
[BlackElo "1994"]
[TimeControl "300+2"]
[EndTime "12:11:55 PDT"]
[Termination "mr6701 ha vinto per abbandono"]

1. e4 d5 2. exd5 Nf6 3. c4 c6 4. dxc6 Nxc6 5. Be2 e5 6. Nf3 Bc5 7. O-O O-O 8. a3 e4 9. Ne1 a5 10. Nc3 Nd4 11. d3 Bf5 12. dxe4 Nxe4 13. Nxe4 Bxe4 14. Be3 f5 15. Nf3 Nxe2+ 16. Qxe2 Qc7 17. Bxc5 Qxc5 18. Ng5 Rae8 19. Nxe4 Rxe4 20. Qd3 Rd4 21. Qb3 Rxc4 22. Qxb7 Rc2 23. b4 axb4 24. Qxb4 Ra8 25. Qxc5 Rxc5 26. g3 Rca5 27. Rfe1 Rxa3 28. Re5 Rxa1+ 29. Kg2 R1a5 30.
Re7 g6 31. h4 R5a7 32. Re6 Kf7 33. Rc6 Re7 34. Kf3 Rae8 35. g4 fxg4+ 36. Kxg4 Re4+ 37.
f4 R8e7 38. Kg5 Kg7 39. Kg4 Rf7 40. h5 Rexf4+ 41. Kg5 R4f5+ 42. Kg4 Rxh5 43. Rc8 Rhf5 44. Kg3 Ra5 45. Kh4 h6 46. Kh3 h5 47. Kh4 Rb7 48.
Rc4 Kh6 49. Rd4 g5+ 50. Kg3 Rb6 51. Rd3 Ra4 52. Kh3 h4 53. Kh2 Kh5 54. Rd2 Rb5 55. Kh1 h3 56. Kh2 Kh4 57. Rc2 g4 58. Re2 g3+ 59. Kg1 Rb1+ 0-1

[Event "Vener-dì-Lampo"]
[Site "Chess.com"]
[Date "2020.05.08"]
[Round "2"]
[White "GB86_CHESS"]
[Black "pedrak"]
[Result "1-0"]
[WhiteElo "1785"]
[BlackElo "2007"]
[TimeControl "300+2"]
[EndTime "12:16:28 PDT"]
[Termination "GB86_CHESS ha vinto per abbandono"]

1. c4 Nf6 2. g3 c6 3. d4 d5 4. Nc3 e6 5. Bg2 Be7 6. Nf3 O-O 7. cxd5 exd5 8. O-O Bf5 9. Bf4 Ne4 10. Rc1 Nd7 11.
Nxe4 Bxe4 12. a3 Nf6 13. b4 a6 14. Nd2 Bxg2 15. Kxg2 Bd6 16. Bxd6 Qxd6 17. Nb3 Rfe8 18. e3 Re7 19. Nc5 Rae8 20. Qd3 Ne4 21. a4 Nxc5 22. dxc5 Re4 23. cxd6 1-0

[Event "Vener-dì-Lampo"]
[Site "Chess.com"]
[Date "2020.05.08"]
[Round "2"]
[White "sirmale49"]
[Black "BAKR1980"]
[Result "0-1"]
[WhiteElo "1384"]
[BlackElo "1593"]
[TimeControl "300+2"]
[EndTime "12:21:26 PDT"]
[Termination "BAKR1980 ha vinto per tempo"]

1. e4 e5 2. f4 exf4 3. Nf3 Be7 4. d4 d5 5. Nc3 Bh4+ 6. Ke2 Bg4 7. Bxf4 dxe4 8.
Nxe4 Qe7 9. Kd3 Nc6 10. c3 O-O-O 11. Be2 Bf5 12. Nd2 Nf6 13. Bf3 Rhe8 14. Qe2 Na5 15. b3 c5 16. Rac1 Nd5 17. Be3 Bg5 18. Bxg5 Qxg5 19.
Kc2 cxd4 20. cxd4 Nf6 21. Kb2+ Kb8 22. Nxg5 Rxe2 23. Bxe2 Rxd4 24. Ngf3 Rd8 25. Rhd1 Nc6 26. Nc4 Re8 27. Nd6 Rxe2+ 0-1

[Event "Vener-dì-Lampo"]
[Site "Chess.com"]
[Date "2020.05.08"]
[Round "2"]
[White "mr6701"]
[Black "SanSecondoPR"]
[Result "1-0"]
[WhiteElo "1994"]
[BlackElo "1283"]
[TimeControl "300+2"]
[EndTime "12:22:01 PDT"]
[Termination "mr6701 ha vinto per scaccomatto"]

1. e4 e5 2. d4 exd4 3. c3 d5 4. exd5 Nf6 5. cxd4 Bb4+ 6. Nc3 O-O 7. Nf3 Bg4 8. Be2 Nxd5 9. Bd2 Nxc3 10. bxc3 Bd6 11. O-O Re8 12. h3 Bh5 13. Re1 Nd7 14. Bg5 Nf6 15. c4 Be7 16. Be3 Bb4 17. Rf1 Ne4 18. Qb3 Bc3 19. Rac1 Ba5 20. Qxb7 Rb8 21. Qxa7 Bb6 22.
Qa4 Ra8 23. Qb5 Ra5 24. Qb1 c5 25.
d5 Bg6 26. Bd3 Qf6 27. Rce1 Nc3 28. Bg5 Bxd3 29. Rxe8# 1-0

[Event "Vener-dì-Lampo"]
[Site "Chess.com"]
[Date "2020.05.08"]
[Round "2"]
[White "fisherpez"]
[Black "markk000"]
[Result "1-0"]
[WhiteElo "1655"]
[BlackElo "1544"]
[TimeControl "300+2"]
[EndTime "12:22:40 PDT"]
[Termination "fisherpez ha vinto per abbandono"]

1. e3 d5 2. b3 Nf6 3. Bb2 e6 4. Nf3 Bd6 5. Be2 O-O 6. h3 c6 7.
Nh2 Bxh2 8. Rxh2 Qd6 9. Rh1 Ne4 10. d3 Nc5 11. Nc3 e5 12. Bg4 Nba6 13. Bxc8 Raxc8 14. Qg4 d4 15. Ne4 dxe3 16. fxe3 Nxe4 17. Qxe4 Rfe8 18. O-O-O Nc5 19. Qg4 Qh6 20. Qg3 f6 21. Kb1 a5 22.
e4 a4 23. Bc1 Qg6 24. Qxg6 hxg6 25. b4 Ne6 26. Bb2 c5 27. c3 Red8 28. a3 Nf4 29. Kc2 Nxg2 30. Bc1 cxb4 31. axb4 a3 32. Rhg1 Nf4 33.
Bxf4 exf4 34. Rxg6 a2 35. Ra1 Ra8 36. d4 f3 37. Rg4 f2 38. Rf4 Re8 39. Kd3 f1=Q+ 40. Rfxf1 Ra3 41. Rf2 Rc8 42. Rc2 Kf7 43. Raxa2 Rxa2 44. Rxa2 Rc7 45. Ra5 Kg6 46. Rd5 Kh6 47. e5 f5 48. e6 Re7 49. Rxf5 Rxe6 50. Rf7 b6 51. Rb7 g5 52. Rb8 Kh5 53. Rh8+ Kg6 54. Rg8+ Kh5 55. Rh8+ Kg6 56. d5 Rd6 57. Kd4 Kg7 58. Rh5 Kg6 59. Rh8 Kg7 60. Re8 Kf6 61. c4 Kf5 62. c5 bxc5+ 63. bxc5 Rh6 64. Re3 Rh4+ 65. Kd3 Kf4 66. d6 Rh8 67. c6 Rd8 68. d7 g4 69. hxg4 Kxg4 70. Re8 1-0

[Event "Vener-dì-Lampo"]
[Site "Chess.com"]
[Date "2020.05.08"]
[Round "3"]
[White "SanSecondoPR"]
[Black "fisherpez"]
[Result "0-1"]
[WhiteElo "1281"]
[BlackElo "1657"]
[TimeControl "300+2"]
[EndTime "12:32:24 PDT"]
[Termination "fisherpez ha vinto per tempo"]

1. e4 e6 2. d4 b6 3. Nf3 Bb7 4. Bd3 Nf6 5. e5 Nd5 6. c4 Ne7 7. Nbd2 Ng6 8. Qc2 Bb4 9. O-O Bxd2 10. Nxd2 Nf4 11. Be4 Ne2+ 12. Kh1 Nxd4 13. Qd3 Nbc6 14. Bxc6 Nxc6 15. f4 O-O 16. Nf3 f5 17. a3 a5 18. b3 Ne7 19. Ng5 h6 20. Nh3 Ng6 21. Nf2 Nh4 22. Rg1 Qe7 23. a4 Qf7 24. Qh3 Ng6 25. Ba3 c5 26. Qg3 Kh7 27. Nd3 Qe7 28.
Raf1 Qh4 29. Bc1 Qxg3 30. hxg3 Ne7 31. Kh2 Nc6 32. Bb2 Kg8 33. Kh3 g5 34. fxg5 hxg5 35. g4 f4 36. g3 f3 0-1

[Event "Vener-dì-Lampo"]
[Site "Chess.com"]
[Date "2020.05.08"]
[Round "3"]
[White "markk000"]
[Black "sirmale49"]
[Result "1-0"]
[WhiteElo "1549"]
[BlackElo "1379"]
[TimeControl "300+2"]
[EndTime "12:33:56 PDT"]
[Termination "markk000 ha vinto per abbandono"]

1. d4 d5 2. c4 e5 3. dxe5 d4 4. Nf3 Nc6 5. Bg5 Be7 6. Bxe7 Ngxe7 7. e3 dxe3 8. Qxd8+ Nxd8 9. fxe3 O-O 10. Be2 Nf5 11.
e4 Ne7 12. O-O Ndc6 13. Nc3 Bg4 14. Nd5 Bxf3 15. Nxe7+ Nxe7 16. Bxf3 Rad8 17. Rad1 Rxd1 18. Rxd1 Ng6 19. Rd7 Nxe5 20. Rxc7 Nxf3+ 21. gxf3 Rb8 22. Kf2 Kf8 23. Ke3 g5 24. Kd4 f6 25. e5 Rd8+ 26. Ke4 fxe5 27. Kxe5 Re8+ 28. Kf5 h6 29. Rxb7 Re3 30.
Kg4 Re2 31. h4 gxh4 32. Kxh4 Rh2+ 33. Kg4 Rd2 34. c5 Rc2 35. Kh5 Rxc5+ 36. Kxh6 Rc6+ 37. Kg5 Rc5+ 38. Kg4 Rc4+ 39. f4 Rc2 40. a4 Rc4 41. b4 Re4 42. Kf5 Re1 43. Kf6 Kg8 44. Rxa7 Re4 45. Ra8+ Kh7 46. b5 Rxf4+ 47. Ke5 Rf1 48. b6 Re1+ 49. Kd6 Rd1+ 50. Kc7 Rc1+ 51. Kb7 Rf1 52.
Rc8 Ra1 53. Rc4 Kg7 54. Kc7 Rf1 55. b7 Rf7+ 56. Kb6 Rf6+ 57. Rc6 Rf8 58. Ka7 1-0

[Event "Vener-dì-Lampo"]
[Site "Chess.com"]
[Date "2020.05.08"]
[Round "3"]
[White "mr6701"]
[Black "GB86_CHESS"]
[Result "1-0"]
[WhiteElo "1998"]
[BlackElo "1763"]
[TimeControl "300+2"]
[EndTime "12:34:56 PDT"]
[Termination "mr6701 ha vinto per abbandono"]

1. e4 c5 2. d4 cxd4 3. c3 d3 4.
Bxd3 d6 5. Nf3 Nf6 6. Qc2 Nc6 7. O-O Bg4 8. Nh4 Ne5 9. f3 Nxd3 10. Qxd3 Bd7 11. Be3 g6 12. Na3 Bg7 13. Rad1 Qa5 14. Nc4 Qh5 15. g3 O-O 16. Ng2 Qb5 17. Na3 Qxd3 18.
Rxd3 Bh3 19. Rfd1 Be6 20. b3 Rac8 21. c4 h6 22. Nc2 g5 23. a4 Nd7 24. Bxa7 Ne5 25.
Re3 Bd7 26. Bd4 b5 27. axb5 Bxb5 28. Na3 Ba6 29. Nb1 Bb7 30. Nc3 f5 31. Nd5 Bxd5 32. exd5 f4 33. gxf4 gxf4 34. Rc3 Rf5 35. Kf2 Rh5 36.
h4 Rf5 37. Rg1 Kf7 38. h5 Bf6 39.
Ke2 Ra8 40. Rc2 Rb8 41. Rb1 Rb4 42. Bc3 Rb8 43. Bxe5 Bxe5 44. b4 Rxh5 45. b5 Rh2 46. Kd3 Rg8 47. Ne1 Rxc2 48. Nxc2 e6 49. dxe6+ Kxe6 50. Nd4+ Kd7 51. Ke4 Rc8 52. Nc6 Rxc6 53. bxc6+ Kxc6 54. Kd3 h5 55. Rh1 d5 56. cxd5+ Kxd5 57.
Rxh5 Ke6 58. Ke4 Bb8 59. Rh6+ Kf7 60. Kf5 Kg7 61. Rb6 1-0

[Event "Vener-dì-Lampo"]
[Site "Chess.com"]
[Date "2020.05.08"]
[Round "3"]
[White "pedrak"]
[Black "BAKR1980"]
[Result "1-0"]
[WhiteElo "2008"]
[BlackElo "1592"]
[TimeControl "300+2"]
[EndTime "12:36:04 PDT"]
[Termination "pedrak ha vinto per abbandono"]

1. d4 d5 2. Nf3 Nc6 3. Bf4 Bg4 4. Nbd2 Qd7 5. c3 e6 6. Qa4 Bd6 7. Bg3 Nge7 8. e3 a6 9. Bd3 f5 10. Qc2 g6 11. Ne5 Bxe5 12. dxe5 O-O-O 13. b4 g5 14. b5 axb5 15. Bxb5 d4 16. cxd4 Qd5 17. Bf1 f4 18. exf4 gxf4 19. Bxf4 Qxd4 20. Be3 Qxe5 21. Rc1 Nf5 22.
Nc4 Nxe3 23. Nxe3 Qa5+ 24. Qc3 Qg5 25. h3 Bh5 26. Bd3 Rhg8 27. Be4 Be8 28. O-O Rd7 29. Qa3 Rdg7 30. Rfd1 Nb8 31. Qa7 Qb5 32. Rd8+ Kxd8 33.
Qxb8+ Ke7 34. Rxc7+ Bd7 35. Qxb7 Qxb7 36. Rxb7 Kf6 37. Ng4+ Ke7 38. Ne5 Kd6 39. Nc4+ Kc5 40. Ne3 Bc6 41. Bxc6 Kxc6 42. Rb2 e5 43. Rc2+ Kb5 44. g3 Ra7 45. Nd5 Rga8 46. Nc3+ Kb4 47. Kg2 Rc7 48. Nd5+ Kb5 49. Nxc7+ 1-0